cohdb
Replays
Latest Replays
All Replays
Popular Replays
Top Player Replays
Match Explorer
How It Works
Community
CoH3 Stats
Reddit
Sign in to upload your games and track your stats! →
Sign in with Steam
Match 42180372
Unlisted
Match 42180372
Overview
Messages
Build Orders
End
Panzerpioneer Squad
Panzergrenadier Squad
250 Light Carrier
Construct Light Support Kompanie
MG34 Team
Combat Half-tracks
Fire Support Elements
Pak 38 Mechanized Group
2.5-tonne Medical Truck
le.IG 18 Support Gun Team
Construct Mechanized Kompanie
18-tonne Recovery Half-track
Selects Panzerjäger Kommand Battlegroup
Selects Mine Fields
Selects Defensive Positions
Selects Butterfly Bomb Drop
Forward Retreat Point
Flakvierling Half-track
Marder III Tank Destroyer
Assault Grenadier Squad
Selects GrB 39 Grenade Launcher Requisition
Selects Crew Shock Tactics
Panzerpioneer Squad
Assault Grenadier Squad
Construct Panzerarmee Kommand
Panzerpioneer Squad
Brazuca
SkY
FAOGozalo
dan legend
Cameleon Casquer
Mr.axel
0
0
Comments
sign in to comment!
No comments posted yet!